 Dungeon Crawl Stone Soup version bcrawl-1.40 (webtiles) character file.

Game seed: 2625973218643660643

408132 zoran the Thaumaturge (level 16, 0/139 HPs)
             Began as a Hill Orc Fire Elementalist on Oct 19, 2023.
             Was the Champion of Zin.
             Slain by an eight-headed hydra simulacrum (35 damage)
             ... in an ice cave.
             The game lasted 01:33:34 (30150 turns).

zoran the Thaumaturge (Hill Orc Fire Elementalist) Turns: 30150, Time: 01:33:35

Health: 0/139      AC:  8    Str: 13    XL:     16   Next: 27%
Magic:  37/45      EV: 21    Int: 20    God:    Zin [******]
Gold:   2323       SH:  6    Dex: 11    Spells: 24/42 levels left

rFire    . . .     GDR:     28% V - staff of power
rCold    . . .     SeeInvis +   U - +0 buckler {reflect}
rNeg     . . .     Gourm    .   R - +1 robe "Roel Cupa" {rPois Slay+2}
rPois    +         Faith    .   m - +1 helmet {SInv}
rElec    .         Spirit   .   P - scarf {clouds}
rCorr    .         Reflect  +   M - +0 pair of gloves
MR       +....                  r - +0 pair of boots
Stlth    +++.......             a - amulet of regeneration
HPRegen  1.44/turn              f - +3 ring of evasion
MPRegen  0.29/turn              j - +5 ring of evasion

@: no status effects
A: no striking features
a: Recite, Vitalisation, Manna, Imprison, Sanctuary, Donate Gold, Renounce
Religion, Evoke Fog


You were in an ice cave.
You worshipped Zin.
Zin was exalted by your worship.
You were not hungry.

You visited 5 branches of the dungeon, and saw 22 of its levels.
You also visited: Ossuary, Ice Cave and Volcano.

You collected 2762 gold pieces.
You spent 266 gold pieces at shops.
You donated 173 gold pieces to Zin.

Inventory:

Hand Weapons
 w - a +0 blowgun
 y - the +2 dagger of Woe {protect, rC+}
   (You found it on level 12 of the Dungeon)

   It grants its wielder temporary protection when it strikes (+7 to AC).
   It protects you from cold.
Missiles
 h - 744 poisoned tomahawks (quivered)
 x - 352 poisoned needles
 z - 3 throwing nets {=f}
 T - 42 curare-tipped needles
Armour
 c - +0 ice dragon scales
 m - a +1 helmet of see invisible (worn)
 r - a +0 pair of boots (worn)
 M - a +0 pair of gloves (worn)
 P - a scarf of clouds (worn)
 R - the +1 robe "Roel Cupa" (worn) {rPois Slay+2}
   (You bought it in a shop on level 12 of the Dungeon)

   It affects your accuracy and damage with ranged weapons and melee attacks
   (+2).
   It protects you from poison.
 U - a +0 buckler of reflection (worn)
Magical Staves
 V - an uncursed staff of power (weapon)
Jewellery
 a - an amulet of regeneration (around neck)
 f - a +3 ring of evasion (left hand)
 j - a +5 ring of evasion (right hand)
Wands
 D - a wand of disintegration (8)
 N - a wand of digging (9)
 Z - a wand of flame (49)
Scrolls
 b - 6 scrolls of fog
 d - a scroll of brand weapon {unknown}
 g - 14 scrolls of remove curse
 o - a scroll of noise
 p - 5 scrolls of immolation
 q - 6 scrolls of teleportation
 u - a scroll of vulnerability
 A - 5 scrolls of enchant armour
 E - a scroll of silence
 F - 8 scrolls of amnesia
 J - 5 scrolls of blinking
 L - 6 scrolls of enchant weapon
Potions
 k - 6 potions of might
 n - 6 potions of curing
 v - 4 potions of magic
 B - 3 potions of brilliance
 C - a potion of resistance {unknown}
 G - 5 potions of haste
 K - 2 potions of berserk rage {unknown}
 Q - 2 potions of invisibility
 S - a potion of heal wounds {unknown}
 X - 4 potions of flight
 Y - a potion of ambrosia
Comestibles
 e - 36 rations {!d}


   Skills:
 + Level 11.9 Fighting
   Level 11.9 Short Blades
   Level 11.9 Long Blades
   Level 11.9 Axes
   Level 11.9 Maces & Flails
   Level 11.9 Polearms
   Level 11.9 Staves
 - Level 5.0 Throwing
 - Level 5.0 Armour
 - Level 5.0 Dodging
 - Level 5.0 Stealth
 - Level 8.0 Shields
   Level 11.9 Unarmed Combat
 + Level 13.6 Spellcasting
 - Level 10.0 Conjurations
 + Level 11.1 Fire Magic
 - Level 10.0 Invocations
 - Level 5.0 Evocations


You had 24 spell levels left.
You knew the following spells:

 Your Spells              Type           Power        Failure   Level  Hunger
a - Flaming Arrows        Chrm/Fire      #####...     1%          2    None
f - Inner Flame           Hex/Fire       N/A          2%          3    None
q - Conjure Flame         Conj/Fire      ######..     1%          3    None
t - Sticky Flame          Conj/Fire      ######..     1%          4    None
w - Fireball              Conj/Fire      ######....   3%          5    None
z - Flame Tongue          Conj/Fire      #####        1%          1    None

Your spell library contained the following spells:

 Spells                   Type           Power        Failure   Level  Hunger
 Infusion                 Chrm           ##......     8%          1    None
 Static Discharge         Air            ##....       8%          1    None
 Lightning Bolt           Conj/Air       ####....     10%         4    None
 Song of Slaying          Chrm           ##......     12%         2    None
 Swiftness                Chrm/Air       ##......     12%         2    None
 Ozocubu's Armour         Chrm/Ice       ##......     24%         3    None
 Regeneration             Chrm/Necr      ##........   24%         3    None
 Spectral Weapon          Hex/Chrm       ##......     24%         3    None
 Conjure Ball Lightning   Conj/Air       ####......   83%         6    ####...
 Metabolic Englaciation   Hex/Ice        ##........   91%         5    None
 Summon Lightning Spire   Summ/Air       ##......     91%         5    None
 Infestation              Hex/Tmut/Pois  ##.......    100%        6    ####...
 Discord                  Hex            ##........   100%        7    #####..
 Mana Rupture             Conj/Hex       ####......   100%        7    #####..
 Chain Lightning          Conj/Air       ####......   100%        8    ######.
 Ignition                 Hex/Fire       #####.....   100%        8    ######.


Dungeon Overview and Level Annotations

Branches:
Dungeon (12/12)            Temple (1/1) D:7            Lair (6/6) D:7
  Swamp (2/3) Lair:2        Snake (0/3) Lair:4        Slime (0/5) Orc
    Orc (1/1) D:9          Vaults (0/3) D:11         Forest (0/3) Lair:5
 Depths (0/5) D:12

Altars:
Ashenzari
Elyvilon
Fedhas
Gozag
Hepliaklqana
Kikubaaqudgha
Lugonu
Nemelex Xobeh
Okawaru
Qazlal
Ru
Sif Muna
Vehumet
Wu Jian
Xom
Zin
The Shining One
Beogh
Jiyva

Shops:
D:4 *   D:6 (   D:8 [   D:9 :   D:12 [   Orc %(:[

Annotations:
D:5 1 runed translucent door, kuniqs's ghost, amateur DsFi
D:9 2 transporters, yrara's ghost, journeyman DsFi
D:10 foxfromabyss's ghost, journeyman DgAc
D:11 exclusion: 4 doors
Lair:2 exclusion: 2 oklob plants Orc 1 runed door


Message History

Aim: an eight-headed hydra simulacrum (flame)
The sticky flame hits the eight-headed hydra simulacrum!
The eight-headed hydra simulacrum melts!
The eight-headed hydra simulacrum is moderately damaged.
The eight-headed hydra simulacrum is covered in liquid flames!
The eight-headed hydra simulacrum burns!
The eight-headed hydra simulacrum is engulfed in blazing flames.
The eight-headed hydra simulacrum misses you.
The eight-headed hydra simulacrum bites you.
The eight-headed hydra simulacrum freezes you!!
The eight-headed hydra simulacrum bites you but does no damage.
You block the eight-headed hydra simulacrum's attack. x2
The eight-headed hydra simulacrum bites you.
The eight-headed hydra simulacrum freezes you!!
The eight-headed hydra simulacrum bites you.
The eight-headed hydra simulacrum freezes you!!
The eight-headed hydra simulacrum bites you!
* * * LOW HITPOINT WARNING * * *
The eight-headed hydra simulacrum freezes you!!
You die...

.....#### #.#.#.#
.....#4.# ###'#'#'#+#
.....#44+ #.'.......#
.....########.8.8.8.# #
.......#............#.#
.⌠.....'............'.#
.......#............#.
.....########.8.8.8.#
.....# #.'...@...#
.....#4 ###'#'#Z#+#
.....### #.#.#.# ......
####### ....## ####


You could see an eight-headed hydra simulacrum (burning).

Vanquished Creatures
  Gastronok (Lair:1)
  A halazid warlock (Orc)
  A fire dragon (Lair:6)
  Urug (Lair:2)
  An ice dragon (Lair:6)
  A quicksilver dragon skeleton (D:12)
  9 hydras
  A catoblepas (Lair:6)
  A ghost crab (Swamp:1)
  An anaconda (Lair:6)
  7 two-headed ogres
  6 alligators
  A satyr (Lair:5)
  A vampire mage (D:12)
  Sonja (Lair:3)
  3 death yaks (D:7)
  A skeletal warrior (D:12)
  A centaur warrior (D:8)
  4 swamp dragons
  A death drake (Lair:2)
  A spriggan druid (Swamp:1)
  3 cyclopes
  2 wolf spider zombies
  11 orc knights
  A lindwurm (Lair:6)
  A necromancer (D:12)
  A frost giant zombie (D:12)
  3 ugly things
  A manticore (D:11)
  3 deep elf magi
  An oklob plant (Lair:5)
  6 black mambas
  2 spriggan zombies (D:12)
  5 torpor snails (Lair:6)
  4 ice statues
  A cane toad (shapeshifter) (D:12)
  3 rime drakes
  15 cane toads
  7 komodo dragons
  An eye of draining (D:10)
  An efreet (D:10)
  5 ice devils (IceCv)
  2 anaconda simulacra (IceCv)
  A guardian mummy (D:12)
  6 trolls
  5 polar bears
  7 tyrant leeches
  10 hornets
  6 saltlings (Orc)
  3 bog bodies
  5 harpy skeletons
  9 slime creatures
  12 blink frogs
  8 hippogriffs
  Grum (Lair:6)
  5 dream sheep (Lair:5)
  5 spriggans
  Sigmund (D:3)
  15 yaks
  A vampire (D:9)
  2 wyverns (Lair:4)
  3 basilisks
  3 hungry ghosts
  2 steam dragons
  4 vampire mosquitoes (D:12)
  A warg (Orc)
  Menkaure (D:7)
  4 iron troll simulacra (IceCv)
  3 nagas (Lair:4)
  3 swamp worms
  2 acid dragons (Lair:6)
  3 crocodiles
  8 water moccasins
  A hydra simulacrum (IceCv)
  11 porcupines
  A sky beast (D:11)
  11 orc warriors
  2 hornet zombies
  6 swamp drakes
  2 necrophages (D:9)
  2 phantoms
  3 ice beasts
  12 ogres
  10 wolves
  3 boggarts (D:12)
  2 elf zombies (Ossuary)
  4 kobold brigands
  9 bullfrogs
  A gnoll sergeant (D:7)
  A centaur (D:12)
  3 scorpions
  12 killer bees
  3 wights (D:6)
  9 electric eels
  11 orc priests
  3 howler monkeys
  13 crimson imps
  2 bullfrog zombies
  A gnoll shaman (D:10)
  5 hounds
  3 jellies
  19 orc wizards
  A human zombie (Ossuary)
  2 bullfrog skeletons
  2 hell rats (D:7)
  12 iguanas
  6 worker ants
  A killer bee zombie (D:5)
  A kobold zombie (Ossuary)
  A hound zombie (Ossuary)
  2 hound skeletons
  4 mummies (Ossuary)
  Robin (D:3)
  7 adders
  13 gnolls
  2 river rats (D:7)
  5 shadow imps
  An adder zombie (D:7)
  2 adder skeletons
  6 worms
  2 leopard geckos
  78 orcs
  2 giant cockroaches
  10 goblins
  8 hobgoblins
  7 jackals
  27 kobolds
  7 quokkas
  7 bats
  5 frilled lizards
  3 goblin zombies (Ossuary)
  2 hobgoblin zombies
  2 jackal zombies (Ossuary)
  An orc zombie (Ossuary)
  A quokka skeleton (D:6)
  A rat (D:1)
  A bush (Lair:6)
  A pillar of salt (D:10)
  7 plants
  A withered plant (D:12)
670 creatures vanquished.

Vanquished Creatures (collateral kills)
  A deep elf knight (D:10)
  A hornet zombie (D:10)
2 creatures vanquished.

Vanquished Creatures (others)
  An orc warlord (Orc)
  A hydra (Lair:2)
  An alligator (Swamp:1)
  A tengu warrior (D:12)
  A centaur warrior (D:12)
  An oklob plant (Lair:2)
  A slime creature (D:10)
  A tengu conjurer (D:12)
  2 ice devils (IceCv)
  A harpy zombie (D:12)
  3 hornets
  A queen bee (Lair:2)
  A saltling (Orc)
  A spriggan (Lair:5)
  6 yaks
  A basilisk (Lair:2)
  4 orc warriors
  A swamp drake (Swamp:1)
  4 wolves
  An ogre (Orc)
  A centaur (D:5)
  20 killer bees
  3 orc priests
  An electric eel (Lair:2)
  2 howler monkeys (D:7)
  A hound (D:5)
  An orc wizard (D:11)
  A worker ant (D:7)
  2 gnolls (D:7)
  10 orcs
  9 fungi
  5 pillars of salt (Orc)
  22 plants
  3 withered plants
115 creatures vanquished.

Grand Total: 787 creatures vanquished

Notes
Turn   | Place    | Note
-------+----------+-------------------------------------------
     0 | D:1      | zoran the Hill Orc Fire Elementalist began the quest for
                  | the Orb.
     0 | D:1      | Reached XP level 1. HP: 14/14 MP: 3/3
   214 | D:1      | Reached XP level 2. HP: 20/20 MP: 3/5
   721 | D:2      | Found a sparkling altar of Nemelex Xobeh.
   824 | D:2      | Reached XP level 3. HP: 27/27 MP: 3/6
   861 | D:2      | Learned a level 3 spell: Conjure Flame
  1124 | D:2      | Reached skill level 1 in Fighting
  1124 | D:2      | Reached XP level 4. HP: 32/35 MP: 0/7
  1479 | D:2      | Learned a level 2 spell: Flaming Arrows
  1752 | D:3      | Noticed Robin
  1757 | D:3      | Reached XP level 5. HP: 37/41 MP: 0/9
  1789 | D:3      | Reached skill level 3 in Spellcasting
  1793 | D:3      | Killed Robin
  1965 | D:3      | Noticed Sigmund
  1976 | D:3      | Killed Sigmund
  1977 | D:3      | Reached skill level 4 in Spellcasting
  1977 | D:3      | Reached XP level 6. HP: 44/48 MP: 0/12
  1982 | D:3      | Learned a level 4 spell: Sticky Flame
  2097 | D:3      | Reached skill level 5 in Spellcasting
  2268 | D:3      | Found an iron altar of Okawaru.
  2482 | D:3      | Found a blossoming altar of Fedhas.
  2483 | D:3      | Found a shimmering blue altar of Sif Muna.
  2692 | D:4      | Found Jiamnas's General Store.
  2704 | D:4      | Bought a potion of curing for 30 gold pieces
  2704 | D:4      | Bought a scroll of revelation for 48 gold pieces
  2717 | D:4      | Reached XP level 7. HP: 45/55 MP: 8/14
  2723 | D:4      | Got an ichor-stained rapier
  2739 | D:4      | Identified the +10 rapier of Peiz Dax {freeze, MR+} (You
                  | found it on level 4 of the Dungeon)
  2786 | D:4      | Reached skill level 1 in Evocations
  2990 | D:4      | Learned a level 3 spell: Inner Flame
  3255 | D:5      | Entered Level 5 of the Dungeon
  3278 | D:5      | Found a sand-covered staircase.
  3281 | D:5      | Found a runed translucent door.
  3282 | D:5      | Noticed kuniqs's ghost (amateur DsFi)
  3311 | Ossuary  | Entered an ossuary
  3335 | Ossuary  | Reached XP level 8. HP: 54/62 MP: 6/16
  3493 | Ossuary  | Reached skill level 5 in Fire Magic
  3512 | Ossuary  | Reached skill level 6 in Spellcasting
  4177 | D:5      | Noticed a troll
  4199 | D:5      | Killed a troll
  4200 | D:5      | Reached skill level 5 in Fighting
  4200 | D:5      | Reached skill level 5 in Dodging
  4200 | D:5      | Reached XP level 9. HP: 74/74 MP: 3/18
  4525 | D:6      | Found a shimmering blue altar of Sif Muna.
  4545 | D:6      | Found Qicliru's Antique Weapon Boutique.
  4658 | D:6      | Reached skill level 5 in Conjurations
  6001 | D:7      | Noticed a death yak
  6021 | D:7      | Killed a death yak
  6022 | D:7      | Reached XP level 10. HP: 14/81 MP: 6/19
  6166 | D:7      | Noticed a death yak
  6167 | D:7      | Found a staircase to the Lair.
  6189 | D:7      | Killed a death yak
  6190 | D:7      | Reached skill level 5 in Evocations
  6305 | D:7      | Noticed a death yak
  6316 | D:7      | Killed a death yak
  6317 | D:7      | Reached skill level 5 in Stealth
  6372 | D:7      | Found an opulent altar of Gozag.
  6449 | D:7      | Found a staircase to the Ecumenical Temple.
  6459 | Temple   | Entered the Ecumenical Temple
  6510 | Temple   | Became a worshipper of Zin the Law-Giver
  6510 | Temple   | Reached * piety under Zin
  6682 | D:7      | Reached ** piety under Zin
  6769 | D:7      | Reached skill level 1 in Invocations
  7316 | D:7      | Noticed Menkaure
  7322 | D:7      | Killed Menkaure
  7551 | D:7      | Reached XP level 11. HP: 86/86 MP: 17/21
  7760 | D:7      | Learned a level 5 spell: Fireball
  7802 | D:8      | Noticed a centaur warrior
  7807 | D:8      | Killed a centaur warrior
  7808 | D:8      | Reached skill level 7 in Spellcasting
  8063 | D:8      | Found Qantoxzekh's Armour Shop.
  8168 | D:8      | Reached *** piety under Zin
  8461 | D:8      | Got a crude hand axe
  8701 | Lair:1   | Entered Level 1 of the Lair of Beasts
  8721 | Lair:1   | Noticed an eight-headed hydra
  8730 | Lair:1   | Killed an eight-headed hydra
  8731 | Lair:1   | Reached skill level 5 in Invocations
  9182 | Lair:1   | Noticed Gastronok
  9214 | Lair:1   | Killed Gastronok
  9215 | Lair:1   | Reached skill level 10 in Conjurations
  9215 | Lair:1   | Reached XP level 12. HP: 34/94 MP: 0/22
  9679 | Lair:1   | Reached **** piety under Zin
 10053 | Lair:1   | Reached skill level 10 in Fire Magic
 10056 | Lair:1   | Reached skill level 10 in Invocations
 10582 | Lair:2   | Noticed a four-headed hydra
 10587 | Lair:2   | Killed a four-headed hydra
 11191 | Lair:2   | Noticed Urug
 11201 | Lair:2   | Killed Urug
 11202 | Lair:2   | Reached skill level 8 in Spellcasting
 11621 | Lair:2   | Found a staircase to the Swamp.
 12042 | Lair:3   | Got an encrusted chain mail
 12148 | Lair:3   | Reached skill level 9 in Spellcasting
 12161 | Lair:3   | Reached XP level 13. HP: 59/105 MP: 11/26
 12474 | Lair:3   | Noticed Sonja
 12476 | Lair:3   | Killed Sonja
 12569 | Lair:3   | Reached ***** piety under Zin
 13788 | Lair:4   | Found a staircase to the Snake Pit.
 14224 | Lair:5   | Reached skill level 10 in Spellcasting
 14638 | Lair:5   | Identified the +1 chain mail of Defence {Int+3 Dex+3} (You
                  | found it on level 3 of the Lair of Beasts)
 14641 | Lair:5   | Got a faintly humming scarf
 14653 | Lair:5   | Identified the scarf of Ugayhaw {Spirit, Str+2} (You found
                  | it on level 5 of the Lair of Beasts)
 15320 | Lair:5   | Found a staircase to the Spriggan Forest.
 15783 | Lair:6   | Entered Level 6 of the Lair of Beasts
 15783 | Lair:6   | Noticed Grum
 15861 | Lair:5   | Reached skill level 1 in Shields
 15996 | Lair:6   | Killed Grum
 16155 | Lair:5   | Reached skill level 10 in Fighting
 16374 | Lair:6   | Reached skill level 5 in Shields
 16385 | Lair:6   | Reached XP level 14. HP: 118/121 MP: 1/28
 17116 | Lair:6   | Reached skill level 1 in Armour
 17688 | Lair:6   | Reached ****** piety under Zin
 18120 | Lair:6   | Found a runed door.
 19019 | Lair:6   | Identified the cursed +1 hand axe "Heowkess" {flame, *Drain
                  | +Rage MR++ Dex+3} (You found it on level 8 of the Dungeon)
 19398 | D:9      | Found a staircase to the Orcish Mines.
 19533 | D:9      | Found Gips's Book Shoppe.
 20093 | D:9      | Found a transporter.
 20115 | D:9      | Noticed yrara's ghost (journeyman DsFi)
 20126 | D:9      | Found a transporter.
 20295 | D:9      | Reached skill level 5 in Armour
 20428 | D:10     | Entered Level 10 of the Dungeon
 20701 | D:10     | Reached skill level 11 in Spellcasting
 20975 | D:10     | Found a runed translucent gate.
 20976 | D:10     | Found a runed translucent gate.
 20976 | D:10     | Found an opulent altar of Gozag.
 20977 | D:10     | Found a runed translucent gate.
 21023 | D:10     | Noticed foxfromabyss's ghost (journeyman DgAc)
 22848 | D:11     | Reached skill level 12 in Spellcasting
 22917 | D:11     | Found a gate to the Vaults.
 22917 | D:11     | Noticed an ironheart preserver
 22933 | D:11     | Reached skill level 1 in Throwing
 23527 | D:11     | Reached XP level 15. HP: 107/126 MP: 26/31
 23930 | D:12     | Entered Level 12 of the Dungeon
 23935 | D:12     | Found Unias's Antique Armour Shoppe.
 23948 | D:12     | Bought a brightly glowing robe for 188 gold pieces
 23958 | D:12     | Identified the cursed +1 robe "Roel Cupa" {rPois Slay+2}
                  | (You bought it in a shop on level 12 of the Dungeon)
 24117 | D:12     | Reached skill level 5 in Throwing
 24160 | D:12     | Got an ancient dagger
 25023 | D:12     | Found a staircase to the Depths.
 25322 | D:12     | Got a fading rapier
 25373 | D:12     | Identified the +2 dagger of Woe {protect, rC+} (You found
                  | it on level 12 of the Dungeon)
 25374 | D:12     | Identified the +4 rapier of Tujytutose {chaos, rF+ rN+
                  | Int+3 Dex+2} (You found it on level 12 of the Dungeon)
 25487 | Orc      | Entered the Orcish Mines
 25961 | Orc      | Found a dark tunnel.
 26004 | Volcano  | Entered a volcano
 26353 | Orc      | Found a runed door.
 26353 | Orc      | Found a viscous altar of Jiyva.
 26353 | Orc      | Found a staircase to the Slime Pits.
 26353 | Orc      | Noticed an acid blob
 26353 | Orc      | Noticed an acid blob
 26353 | Orc      | Noticed an acid blob
 26353 | Orc      | Noticed an acid blob
 27081 | Orc      | Reached skill level 13 in Spellcasting
 27204 | Orc      | Found Nuillef's Antique Weapon Shoppe.
 27204 | Orc      | Noticed an orc warlord
 27207 | Orc      | Killed an orc warlord
 27254 | Orc      | Found Useruen's Book Shoppe.
 27255 | Orc      | Found a roughly hewn altar of Beogh.
 27256 | Orc      | Found Ocraste's Armour Shoppe.
 27282 | Orc      | Found Vamuw's Food Shop.
 27567 | Swamp:1  | Entered Level 1 of the Swamp
 28393 | Swamp:1  | Reached XP level 16. HP: 130/138 MP: 33/33
 29679 | Swamp:2  | Found a frozen archway.
 29737 | IceCv    | Entered an ice cave
 30150 | IceCv    | Slain by an eight-headed hydra simulacrum

Skill      XL: |  1  2  3  4  5  6  7  8  9 10 11 12 13 14 15 16 |
---------------+-------------------------------------------------+-----
Stealth        | 2 4 5 |  5.0
Dodging        | 2 5 |  5.0
Fighting       | 1 2 5 7 10 11 | 11.9
Conjurations   | 2 6 8 10 | 10.0
Fire Magic     | 4 5 6 9 10 11 | 11.1
Spellcasting   | 4 5 6 7 9 10 12 13 | 13.6
Evocations     | 2 4 5 |  5.0
Invocations    | 3 8 10 | 10.0
Shields        | 5 8 |  8.0
Armour         | 5 |  5.0
Throwing       | 3 5 |  5.0
Short Blades   | | 11.9
Long Blades    | | 11.9
Axes           | | 11.9
Maces & Flails | | 11.9
Polearms       | | 11.9
Staves         | | 11.9
Unarmed Combat | | 11.9

Action                   |  1- 3 |  4- 6 |  7- 9 | 10-12 | 13-15 | 16-18 || total
-------------------------+-------+-------+-------+-------+-------+-------++-------
Melee: Unarmed           |     6 |       |       |       |       |       ||     6
       Falchion          |    33 |    45 |     5 |       |       |       ||    83
       Rapier            |       |       |   128 |   107 |   212 |       ||   447
       Punch             |       |       |     2 |     4 |     3 |       ||     9
       Hand axe          |       |       |       |       |   450 |       ||   450
       Staff             |       |       |       |       |    59 |       ||    59
 Fire: Blowgun           |       |       |       |     5 |       |       ||     5
Throw: Stone             |       |    17 |     5 |    22 |       |       ||    44
       Tomahawk          |       |       |       |    16 |    50 |       ||    66
 Cast: Flame Tongue      |    46 |    85 |   137 |   167 |   344 |    22 ||   801
       Conjure Flame     |     1 |     4 |    10 |    12 |    11 |     4 ||    42
       Flaming Arrows    |       |     1 |       |     1 |       |       ||     2
       Sticky Flame      |       |       |     7 |    32 |   123 |    23 ||   185
       Inner Flame       |       |       |     3 |    21 |    17 |     2 ||    43
       Fireball          |       |       |       |     7 |   220 |    72 ||   299
Invok: Recite            |       |       |       |       |    19 |       ||    19
       Vitalisation      |       |       |       |       |     3 |       ||     3
Evoke: Wand              |       |     4 |    12 |     6 |    50 |       ||    72
       Staff of power    |       |       |       |       |     2 |     4 ||     6
  Use: Scroll            |     4 |     1 |     6 |     7 |    23 |     2 ||    43
       Potion            |       |     4 |       |     2 |     2 |       ||     8
 Stab: Paralysed         |       |     5 |       |     3 |    17 |       ||    25
       Sleeping          |       |       |     3 |     3 |    12 |       ||    18
       Confused          |       |       |       |       |    11 |       ||    11
       Distracted        |       |       |       |       |     1 |       ||     1
       Invisible         |       |       |       |       |     1 |       ||     1
  Eat: Chunk             |     3 |     9 |    18 |    19 |    25 |     3 ||    77
       Ration            |       |       |       |     4 |    22 |     2 ||    28
Armor: Robe              |     3 |     9 |    27 |    16 |   100 |    11 ||   166
       Skin              |       |    34 |       |       |       |       ||    34
       Steam dragon scal |       |       |       |       |    21 |       ||    21
Dodge: Dodged            |    41 |    85 |   189 |   187 |   900 |    36 ||  1438
Block: Buckler           |       |       |       |       |   238 |    14 ||   252
       Reflection        |       |       |       |       |    11 |       ||    11
